 Dungeon Crawl Stone Soup version 0.28-a0-199-g298df9dbad (webtiles) character file.

Game seed: 9614764316404500702

14406 Lochraine the Covert (level 12, -4/156 HPs)
             Began as a Naga Ice Elementalist on Aug 19, 2021.
             Was an Elder of Cheibriados.
             Slain by a slime creature (11 damage)
             ... on level 11 of the Dungeon.
             The game lasted 00:48:18 (15838 turns).

Lochraine the Covert (Naga Ice Elementalist)       Turns: 15838, Time: 00:48:19

Health: -4/156     AC: 10    Str: 24    XL:     12   Next: 16%
Magic:  33/33      EV:  9    Int: 27    God:    Cheibriados [****..]
Gold:   703        SH:  0    Dex: 21    Spells: 13/28 levels left

rFire   . . .      SeeInvis +   a - +9 long sword of Uzuq {flame, Str+2}
rCold   + . .      Faith    +   (no shield)
rNeg    . . .      Spirit   .   S - +2 ring mail {rF+}
rPois   +          Reflect  .   K - +2 hat
rElec   .          Harm     .   (no cloak)
rCorr   .          Rampage  .   (no gloves)
Will    +....                   (no barding)
Stlth   ..........              f - amulet of faith {!P}
HPRegen 0.36/turn               i - ring of magical power
MPRegen 0.23/turn               C - ring of ice

@: berserking, marked, very slow
A: AC +4, large, see invisible, deformed body, poison resistance, slowness 2,
spit poison 1, naga tail 1
a: Spit Poison, Renounce Religion, Bend Time, Temporal Distortion, Slouch


You were on level 11 of the Dungeon.
You worshipped Cheibriados.
Cheibriados was greatly pleased with you.
You visited 2 branches of the dungeon, and saw 13 of its levels.

You collected 703 gold pieces.

Inventory:

Hand Weapons
 a - the +9 long sword of Uzuq (weapon) {flame, Str+2}
   (You found it on level 8 of the Dungeon)

   It burns those it strikes, dealing additional fire damage.
   Big, fiery blades are also staple armaments of hydra-hunters.
   Str:       It affects your strength (+2).
 j - a +2 vampiric dagger
   (You took it off a goblin on level 1 of the Dungeon)
 u - a +2 dire flail of protection
   (You took it off Edmund on level 5 of the Dungeon)
 y - a +1 short sword of venom
   (You took it off an orc priest on level 6 of the Dungeon)
Missiles
 c - 332 stones
Armour
 G - a +0 robe
 I - a +0 barding
   (You found it on level 8 of the Dungeon)
 K - a +2 hat (worn)
   (You took it off Gastronok on level 8 of the Dungeon)
 S - a +2 ring mail of fire resistance (worn)
   (You found it on level 10 of the Dungeon)
Magical Staves
 b - a staff of cold
   (You took it off a kobold on level 9 of the Dungeon)
Jewellery
 f - an amulet of faith (around neck) {!P}
   (You took it off a goblin on level 2 of the Dungeon)
 i - a ring of magical power (left hand)
   (You found it on level 1 of the Dungeon)
 x - a +6 ring of intelligence
   (You found it on level 5 of the Dungeon)
 C - a ring of ice (right hand)
   (You found it on level 7 of the Dungeon)
 D - a ring of fire
   (You found it on level 7 of the Dungeon)
 H - a +4 ring of slaying
   (You took it off an orc on level 8 of the Dungeon)
 L - a +4 ring of protection
   (You took it off a gnoll on level 8 of the Dungeon)
 M - a ring of willpower
   (You found it on level 9 of the Dungeon)
 N - a ring of willpower
   (You found it on level 4 of the Dungeon)
 Q - an amulet of magic regeneration
   (You found it on level 10 of the Dungeon)
Wands
 t - a wand of flame (23)
   (You found it on level 4 of the Dungeon)
 v - a wand of digging (6)
   (You took it off a wight on level 7 of the Dungeon)
 R - a wand of charming (8)
   (You found it on level 10 of the Dungeon)
Scrolls
 d - a scroll of brand weapon {unknown}
 g - a scroll of blinking {unknown}
 h - a scroll of vulnerability {!r}
 k - a scroll of fog
 l - 2 scrolls of noise {unknown}
 m - 4 scrolls of magic mapping {unknown}
 o - 5 scrolls of teleportation {@r4}
 q - 2 scrolls of enchant armour {unknown}
 B - a scroll of holy word {unknown}
 E - a scroll of amnesia {unknown}
 F - a scroll of silence
 J - a scroll of enchant weapon {unknown}
 T - 2 scrolls of identify {@r1}
Potions
 e - a potion of invisibility {unknown}
 n - a potion of might
 p - 4 potions of heal wounds {unknown}
 r - 4 potions of haste {@q3}
 s - 2 potions of attraction {unknown}
 w - a potion of brilliance {unknown}
 z - 3 potions of berserk rage
 A - 2 potions of degeneration {!q}
 O - 2 potions of mutation {unknown}
 P - a potion of curing {@q1}
 U - a potion of resistance {unknown}


   Skills:
 + Level 5.9 Fighting
 + Level 5.9 Long Blades
 + Level 2.1 Armour
 - Level 1.5 Dodging
 - Level 10.8 Stealth
 + Level 8.6 Spellcasting
 + Level 8.7 Conjurations
 - Level 7.9 Ice Magic
 + Level 7.4 Invocations


You had 13 spell levels left.
You knew the following spells:

 Your Spells              Type           Power      Damage    Failure   Level
a - Freeze                Ice            100%       1d11      1%          1
b - Frozen Ramparts       Ice            100%       1d12      1%          3
c - Ozocubu's Armour      Ice            70%        N/A       1%          3
d - Searing Ray           Conj           100%       3d7       1%          2
e - Passwall              Tmut/Erth      9%         N/A       12%         2
f - Hailstorm             Conj/Ice       71%        3d15      2%          4

Your spell library contained the following spells:

 Spells                   Type           Power      Damage    Failure   Level
 Magic Dart               Conj           100%       1d8       1%          1
 Dazzling Flash           Conj/Hex       70%        N/A       3%          3
 Apportation              Tloc           22%        N/A       8%          1
 Sandblast                Erth           22%        2d7       8%          1
 Sting                    Tmut/Pois      44%        1d5       8%          1
 Poisonous Vapours        Pois/Air       22%        N/A       12%         2
 Slow                     Hex            11%        N/A       12%         2
 Fulminant Prism          Conj/Hex       17%        3d11      13%         4
 Iskenderun's Mystic Bla  Conj/Tloc      35%        2d8       13%         4
 Confusing Touch          Hex            11%        N/A       24%         3
 Olgreb's Toxic Radiance  Pois           11%        N/A       61%         4
 Starburst                Conj/Fire      17%        6d6       89%         6
 Alistair's Intoxication  Tmut/Pois      7%         N/A       91%         5
 Borgnjor's Vile Clutch   Necr/Erth      5%         N/A       91%         5
 Lee's Rapid Deconstruct  Erth           5%         3d7*      91%         5
 Yara's Violent Unravell  Hex/Tmut       5%         3d4       91%         5
 Eringya's Noxious Bog    Tmut/Pois      5%         N/A       100%        6
 Invisibility             Hex            5%         N/A       100%        6


Dungeon Overview and Level Annotations

Branches:
Dungeon (12/15)            Temple (1/1) D:7            Lair (0/6) D:8
    Orc (0/2) D:11

Altars:
Ashenzari
Cheibriados
Dithmenos
Elyvilon
Fedhas
Gozag
Hepliaklqana
Kikubaaqudgha
Makhleb
Nemelex Xobeh
Okawaru
Qazlal
Ru
Sif Muna
Trog
Uskayaw
Vehumet
Wu Jian
Xom
Yredelemnul
Zin
The Shining One

Shops:
D:6 *

Portals:
Abyss: D:6

Annotations:
D:6 2 transporters, bmj180's ghost, novice DrCj
D:7 2 runed translucent doors
D:9 4 runed translucent doors


Innate Abilities, Weirdness & Mutations

Your serpentine skin is tough. (AC +4)
You have supernaturally acute eyesight. (SInv)
Armour fits poorly on your strangely shaped body.
Your system is resistant to poisons. (rPois)
You cover ground very slowly.
You can spit poison.
You have a snake-like lower body.


Message History

* * * LOW HITPOINT WARNING * * *
The slime creature hits you.
* * * LOW HITPOINT WARNING * * *
Two slime creatures merge to form a large slime creature.
The centaur shoots an arrow.
The arrow hits you!
* * * LOW HITPOINT WARNING * * *
You climb upwards.
There is a stone staircase leading down here.
Okay, then.
Unknown command.
Okay, then.
Okay, then.
Unknown command.
Aim: a large slime creature (chance to affect: 28%)
Okay, then.
Unknown command.
It was a potion of berserk rage.
A red film seems to cover your vision as you go berserk!
Cheibriados protects you from inadvertent hurry.
You feel mighty! The slime creature closely misses you.
The slime creature hits you!
* * * LOW HITPOINT WARNING * * *
The large slime creature hits you!
* * * LOW HITPOINT WARNING * * *
You feel stronger.
The +9 long sword of Uzuq {flame, Str+2} bursts into flame!
a - the +9 long sword of Uzuq (weapon)
{flame, Str+2} You feel a strong urge to attack something.
The slime creature hits you but does no damage.
You slice the slime creature!! You burn the slime creature.
The slime creature hits you but does no damage.
The large slime creature closely misses you.
The slime creature hits you but does no damage.
You slice the slime creature!! You burn the slime creature.
The slime creature hits you but does no damage.
The large slime creature hits you!
* * * LOW HITPOINT WARNING * * *
The slime creature hits you!
* * * LOW HITPOINT WARNING * * *
The slime creature hits you but does no damage.
You slash the slime creature! You burn the slime creature.
You kill the slime creature!
Cheibriados appreciates the change of pace.
The large slime creature barely misses you.
You riposte.
You hit the large slime creature. You burn the large slime creature.
The slime creature hits you but does no damage.
You slash the large slime creature! You burn the large slime creature.
A large slime creature splits.
The slime creature hits you!
You die...

...##....###..#######
...##....# #..#
...##....# #..##
...##....# ##..#
.######### #..## ##
##..# #..## ##JJ###
##### #.@J.# ....#
#####.# ....# #.....#
....###### #.#####
.........# #.#
.....###.#####.#
.....# #.#.....#
....####.#.#####
....'....#.#######


You could see 3 slime creatures.

Vanquished Creatures
  Gastronok (D:8)
  A hydra (D:11)
  Erica (D:8)
  A centaur warrior (D:9)
  3 cyclopes
  2 centaur zombies
  A manticore (D:11)
  7 orange demons (D:10)
  A hornet (D:10)
  2 red devils (D:10)
  5 slime creatures
  A meliai zombie (D:11)
  A wraith (D:12)
  3 yaks (D:9)
  A vampire (D:10)
  Grum (D:9)
  A steam dragon (D:6)
  Edmund (D:5)
  2 water moccasins
  A black bear (D:6)
  An orc warrior (D:6)
  A sky beast (D:5)
  2 ogres
  3 wolves (D:9)
  2 centaurs
  A kobold brigand (D:9)
  2 bullfrogs
  A gnoll sergeant (D:6)
  A water moccasin zombie (D:5)
  6 scorpions
  13 killer bees
  8 wights
  4 howler monkeys
  2 bullfrog zombies
  3 hounds
  2 centaur skeletons
  5 orc priests
  7 orc wizards
  2 iguanas
  3 killer bee zombies
  2 howler monkey zombies
  7 gnolls
  5 adders
  An adder skeleton (D:4)
  3 dart slugs
  29 orcs
  7 ball pythons
  5 endoplasms
  2 giant cockroaches (D:3)
  8 goblins
  8 hobgoblins
  7 kobolds
  5 quokkas
  6 bats
  5 frilled lizards
  2 rats (D:2)
  2 bushes (D:10)
210 creatures vanquished.

Vanquished Creatures (collateral kills)
  A hound (D:5)
1 creature vanquished.

Vanquished Creatures (others)
  18 plants
18 creatures vanquished.

Grand Total: 229 creatures vanquished

Notes
Turn   | Place    | Note
-------+----------+-------------------------------------------
     0 | D:1      | Lochraine the Naga Ice Elementalist began the quest for the
                  | Orb.
     0 | D:1      | Reached XP level 1. HP: 15/15 MP: 3/3
   169 | D:1      | Reached XP level 2. HP: 12/22 MP: 5/5
  1352 | D:2      | Reached XP level 3. HP: 21/28 MP: 6/6
  1493 | D:2      | Reached skill level 4 in Stealth
  2181 | D:2      | Learned a level 3 spell: Frozen Ramparts
  2185 | D:2      | Learned a level 3 spell: Ozocubu's Armour
  2305 | D:2      | Found a faded altar of an unknown god.
  2746 | D:3      | Reached XP level 4. HP: 20/36 MP: 8/8
  3005 | D:3      | Found a shimmering blue altar of Sif Muna.
  3071 | D:3      | Reached skill level 5 in Stealth
  3071 | D:3      | Reached XP level 5. HP: 21/42 MP: 9/9
  3705 | D:3      | Learned a level 2 spell: Searing Ray
  4348 | D:4      | Reached skill level 1 in Conjurations
  4348 | D:4      | Reached skill level 5 in Ice Magic
  4348 | D:4      | Reached XP level 6. HP: 33/49 MP: 11/11
  4472 | D:4      | Reached skill level 6 in Stealth
  4820 | D:5      | Entered Level 5 of the Dungeon
  4837 | D:5      | Noticed Edmund
  4944 | D:5      | Noticed a sky beast
  4952 | D:5      | Killed a sky beast
  4953 | D:5      | Reached XP level 7. HP: 49/55 MP: 12/12
  5455 | D:5      | Reached skill level 7 in Stealth
  6025 | D:5      | Killed Edmund
  6026 | D:5      | Reached XP level 8. HP: 50/62 MP: 14/14
  6765 | D:6      | Reached skill level 8 in Stealth
  7070 | D:6      | Found a transporter.
  7086 | D:6      | Found a one-way gate to the infinite horrors of the Abyss.
  7086 | D:6      | Noticed bmj180's ghost (novice DrCj)
  7103 | D:6      | Noticed an ancient zyme
  7136 | D:6      | Found a hazy altar of Hepliaklqana.
  7152 | D:6      | Reached skill level 5 in Spellcasting
  7263 | D:6      | Found a transporter.
  7292 | D:6      | Reached skill level 9 in Stealth
  7653 | D:6      | Found Jumpimu's General Store.
  8037 | D:7      | Found a staircase to the Ecumenical Temple.
  8046 | Temple   | Entered the Ecumenical Temple
  8057 | Temple   | Became a worshipper of Cheibriados the Contemplative
  8362 | D:7      | Reached XP level 9. HP: 66/68 MP: 17/17
  8381 | D:7      | Found a runed translucent door.
  8383 | D:7      | Found a runed translucent door.
  8499 | D:7      | Reached skill level 5 in Conjurations
  8825 | D:7      | Found a sparkling altar of Nemelex Xobeh.
  9004 | D:7      | Reached skill level 1 in Invocations
  9608 | D:8      | Noticed Erica
  9614 | D:8      | Reached skill level 10 in Stealth
  9615 | D:8      | Killed Erica
  9615 | D:8      | Reached * piety under Cheibriados
  9754 | D:8      | Noticed Gastronok
 10519 | D:8      | Noticed a death yak
 10519 | D:8      | Noticed a death yak
 10520 | D:8      | Noticed a death yak
 10520 | D:8      | Found a staircase to the Lair.
 10533 | D:8      | HP: 2/61 [death yak (13)]
 10769 | D:8      | Reached XP level 10. HP: 33/72 MP: 19/19
 10949 | D:8      | Identified the +9 long sword of Uzuq {flame, Str+2}
 10957 | D:8      | Learned a level 2 spell: Passwall
 11189 | D:8      | Learned a level 4 spell: Hailstorm
 11642 | D:8      | Killed Gastronok
 12048 | D:9      | Reached ** piety under Cheibriados
 12058 | D:9      | Found a glowing golden altar of the Shining One.
 12197 | D:9      | Noticed Grum
 12204 | D:9      | Killed Grum
 12264 | D:9      | Found a runed translucent door.
 12423 | D:9      | Noticed a centaur warrior
 12466 | D:9      | Found a runed translucent door.
 12487 | D:9      | Reached skill level 5 in Invocations
 12599 | D:9      | Killed a centaur warrior
 12743 | D:9      | Found a runed translucent door.
 12758 | D:9      | Found a runed translucent door.
 12871 | D:9      | Reached *** piety under Cheibriados
 12872 | D:9      | Reached XP level 11. HP: 86/91 MP: 20/22
 13046 | D:9      | Found a stormy altar of Qazlal.
 13054 | D:9      | Found an ornate altar of the Wu Jian Council.
 13054 | D:9      | Found a shadowy altar of Dithmenos.
 13062 | D:9      | Found a blossoming altar of Fedhas.
 13065 | D:9      | Found a radiant altar of Vehumet.
 13227 | D:10     | Entered Level 10 of the Dungeon
 13282 | D:10     | Noticed a cyclops
 13352 | D:10     | Killed a cyclops
 13846 | D:10     | Reached skill level 5 in Fighting
 13846 | D:10     | Reached skill level 5 in Long Blades
 14183 | D:11     | Noticed a cyclops
 14191 | D:11     | Killed a cyclops
 14725 | D:11     | Noticed an eight-headed hydra
 14733 | D:11     | Killed an eight-headed hydra
 14734 | D:11     | Reached skill level 1 in Armour
 14798 | D:11     | Found a staircase to the Orcish Mines.
 14808 | D:11     | Noticed a manticore
 14821 | D:11     | Killed a manticore
 15094 | D:12     | Noticed a cyclops
 15245 | D:12     | Noticed a cyclops
 15250 | D:12     | Killed a cyclops
 15251 | D:12     | Reached XP level 12. HP: 104/104 MP: 23/24
 15299 | D:12     | Reached **** piety under Cheibriados
 15836 | D:11     | HP: 6/156 [slime creature (15)]
 15838 | D:11     | Slain by a slime creature

Illustrated notes

Levels and vault maps discovered:
D:1:      dpeg_arrival_stone_temple_mockup, layout_basic, serial_bayou_crossing
D:2:      layout_loops_corners, chequers_ecumenical_altar_lobes,
          kennysheep_generic_room_4
D:3:      layout_rooms, nicolae_sif_muna_condensation
D:4:      layout_gridville, minmay_cupped
D:5:      layout_layer_cave, serial_bayou_pond_c, uniq_edmund
D:6:      layout_basic, nicolae_hepliaklqana_hazy_memory, serial_shops,
          kennysheep_mini_moat, gammafunk_ghost_abyssal_escape
D:7:      lemuel_insect_pit, layout_loops_corners, mainiacjoe_overflow_24_doors,
          minmay_temple_entry_junction
D:8:      layout_loops_cross, dpeg_lair_monsters, uniq_erica, uniq_gastronok
D:9:      layout_roguey, minmay_overflow_temple_star_hex,
          mainiacjoe_overflow_paths, minmay_statue_crystal_thing, uniq_grum
D:10:     layout_cross, minmay_hedge_maze, minmay_beelzebubs_servants
D:11:     layout_basic, orc_0_dummy, hangedman_decor_lopped
D:12:     layout_rooms, skrybe_limestone_x, onia_ninara_cookie
Temple:   dshaligram_water_room_temple

Skill      XL: |  1  2  3  4  5  6  7  8  9 10 11 12 |
---------------+-------------------------------------+-----
Stealth        | 4 5 6 7 9 10 | 10.8
Spellcasting   | 3 4 5 6 7 8 |  8.6
Conjurations   | 1 2 3 4 6 7 8 |  8.7
Ice Magic      | 5 6 7 |  7.9
Invocations    | 3 5 7 |  7.4
Fighting       | 3 5 |  5.9
Long Blades    | 3 5 |  5.9
Armour         | 1 2 |  2.1
Dodging        | |  1.5

Action                   |  1- 3 |  4- 6 |  7- 9 | 10-12 || total
-------------------------+-------+-------+-------+-------++-------
Melee: Club              |     7 |       |       |       ||     7
       Unarmed           |     2 |       |       |       ||     2
       Dagger            |    71 |    88 |   115 |       ||   274
       Long sword        |       |       |       |    60 ||    60
       Staff             |       |       |       |    53 ||    53
 Cast: Freeze            |    18 |    11 |    37 |     4 ||    70
       Frozen Ramparts   |     1 |     4 |    19 |    16 ||    40
       Searing Ray       |       |     1 |    22 |    19 ||    42
       Ozocubu's Armour  |       |     1 |    12 |    22 ||    35
       Hailstorm         |       |       |       |    28 ||    28
Invok: Temporal Distorti |       |       |       |     2 ||     2
 Abil: Spit Poison       |     7 |     4 |    11 |     8 ||    30
  Use: Scroll            |     2 |     4 |     4 |       ||    10
       Potion            |     1 |       |     1 |     1 ||     3
 Stab: Sleeping          |     8 |     4 |     7 |     2 ||    21
Armor: Robe              |    35 |    19 |    43 |    62 ||   159
       Ring mail         |       |       |       |    72 ||    72
Dodge: Dodged            |    54 |    59 |   116 |   108 ||   337
       Rpst.: Long sword |       |       |       |     5 ||     5

Table legend: (Time is in decaauts)
 A = Elapsed time spent in this place.
 B = Non-inter-level travel time spent in this place.
 C = Inter-level travel time spent in this place.
 D = Time resting spent in this place.
 E = Time spent auto-exploring this place.
 F = Levels seen in this place.
 G = Mean time per level.
                   A        B        C        D        E       F      G
               +--------+--------+--------+--------+--------+-----+--------+
         Total |  21119 |  19994 |   1125 |   3518 |  13409 |  13 | 1624.5 |
       Dungeon |  20963 |  19874 |   1089 |   3518 |  13293 |  12 | 1746.9 |
        Temple |    156 |    121 |     35 |      0 |    115 |   1 |  156.0 |
               +--------+--------+--------+--------+--------+-----+--------+

Top non-repeatable levels by time:
     D:7: 3042 daAuts
     D:8: 2402 daAuts
     D:5: 2232 daAuts
     D:9: 2199 daAuts
     D:2: 1909 daAuts
    D:11: 1611 daAuts
     D:6: 1536 daAuts
     D:1: 1506 daAuts
     D:4: 1257 daAuts
    D:10: 1227 daAuts
     D:3: 1173 daAuts
    D:12: 863 daAuts
  Temple: 156 daAuts
